 Dungeon Crawl Stone Soup version 0.30-a0-297-g0ec75d9ef4 (webtiles) character file.

Game seed: 13882289586257680333

8 MrRokkomies the Sneak (level 2, -2/26 HPs)
             Began as an Armataur Delver on Oct 18, 2022.
             Slain by a worm (4 damage)
             ... on level 5 of the Dungeon.
             The game lasted 00:01:14 (96 turns).

MrRokkomies the Sneak (Armataur Delver)               Turns: 96, Time: 00:01:15

Health: -2/26      AC:  4    Str: 17    XL:     2   Next: 0%
Magic:  2/2        EV:  9    Int: 10    God:
Gold:   0          SH:  0    Dex: 11    Spells: 1/1 levels left

rFire   . . .      SeeInvis .    a - +0 mace
rCold   . . .      Faith    .    (no shield)
rNeg    . . .      Spirit   .    b - +0 leather armour
rPois   .          Reflect  .    (no helmet)
rElec   .          Harm     .    (no cloak)
rCorr   .          Roll     +    (no gloves)
Will    .....                    (no barding)
Stlth   +++.......               (no amulet)
HPRegen 0.24/turn                (no ring)
MPRegen 0.08/turn                (no ring)

@: no status effects
A: large, rugged brown scales 3, deformed body, armoured tail, roll, long
tongue, awkward tongue
a: no special abilities


You were on level 5 of the Dungeon.
You visited 1 branch of the dungeon, and saw 1 of its levels.

Inventory:

Hand Weapons
 a - a +0 mace (weapon)
Armour
 b - a +0 leather armour (worn)
Wands
 g - a wand of digging (3)
Scrolls
 c - a scroll of fog
 e - a scroll of fear


   Skills:
 * Level 2.9 Fighting
 - Level 1.7 Maces & Flails
 * Level 1.1 Armour
 + Level 1.5 Dodging
 - Level 5.4 Stealth


You had one spell level left.
You didn't know any spells.
Your spell library was empty.

Dungeon Overview and Level Annotations

Branches:
Dungeon (5/15)             Temple (0/1) D:5

Altars:

Annotations:
D:5 Grinder


Innate Abilities, Weirdness & Mutations

You are completely covered in rugged brown scales. (AC +3, +7% HP)
Armour fits poorly on your strangely shaped body.
You have a long armoured tail.
You roll when moving toward enemies. (Rampage)
Your long tongue fully drains potion bottles. (2x potion effects)
Your tongue gives you trouble enunciating. (1.5x scroll delay)


Message History

Grinder blinks!
You open the door.
Grinder blinks!
You roll towards Grinder!
You closely miss Grinder. Grinder gestures at you.
You barely resist. You completely miss Grinder.
Your tail-slap misses Grinder.
Grinder hits you but does no damage. Grinder closely misses you.
You barely miss Grinder.
Your tail-slap misses Grinder.
Grinder hits you but does no damage.
You hit Grinder but do no damage. You tail-slap Grinder!
Grinder is lightly wounded.
Grinder hits you but does no damage.
You hit Grinder. You tail-slap Grinder!
Grinder is heavily wounded.
Grinder hits you.
You writhe in agony.
The worm barely misses you. Grinder gestures at you.
You suddenly lose the ability to move!
The worm bites you. Grinder gestures at you.
You struggle to resist.
You can move again.
You hit Grinder but do no damage.
Grinder is heavily wounded.
Grinder hits you.
You writhe in agony.
* * * LOW HITPOINT WARNING * * *
You hit Grinder.
Grinder is heavily wounded.
Grinder gestures at you.
You shrug off the repeated paralysis!
The worm bites you.
* * * LOW HITPOINT WARNING * * *
You closely miss Grinder.
Grinder is heavily wounded.
Grinder gestures at you.
You shrug off the repeated paralysis!
The worm bites you but does no damage. Grinder hits you but does no damage.
You hit Grinder.
Grinder is severely wounded.
Grinder blinks!
The worm bites you.
You die...

,,,,,,,,,,,,,,,,,,,,,,,,,#.,,,,,,
,,,,,,,,,,*******##+####*#..,*,,,
,,,,,*+****,,,*,,.......*#..,####
,,,,,*,,,,*,,,*,,.......##.5.#...
,,,,,*,,,,*,,,*,,...........5#...
,,,,,*,,,,*,,,*,,...5.,......'...
,,,,,*,,,**,,,***...#*,,**,,,#...
,,,,,*,..###+####§..##..#*,,,#...
,,,,,*,..#.....#@........,,,,#...
,,,,,,,.......(w........##+###)..
,,,~~~~~.~≈~≈..#######..#.....###
,,,~~~~~.~≈≈~..#*,,,*#..+.....#..
,,,~~~~~.~≈≈~..#,,,,*#..#.....#..
,,,~~~~~.~≈≈~.w+,,,,*#..#..5..'..
,,,,,,,..~~~~..#**,,*#.>#.....#..
,,,~~~~.....!..#######..#5...####
,,,~~~~.~~≈~~..§...5'...'....#


You could see Grinder and a worm.

Vanquished Creatures
  4 orcs (D:5)
4 creatures vanquished.

Notes
Turn   | Place    | Note
-------+----------+-------------------------------------------
     0 | D:5      | MrRokkomies the Armataur Delver began the quest for the
                  | Orb.
     0 | D:5      | Reached XP level 1. HP: 19/19 MP: 1/1
    29 | D:5      | Reached skill level 1 in Armour
    31 | D:5      | Reached XP level 2. HP: 23/26 MP: 2/2
    51 | D:5      | Noticed Grinder
    61 | D:5      | Paralysed by Grinder for 4 turns
    91 | D:5      | Paralysed by Grinder for 2 turns
    94 | D:5      | HP: 1/26 [worm (2)]
    96 | D:5      | Slain by a worm

Illustrated notes

Levels and vault maps discovered:
D:5:      layout_gridville, mainiacjoe_overflow_concentric_impassable,
          temple_statues, minivault_14, uniq_grinder, uniq_blork_the_orc

Skill      XL: |  1 |
---------------+----+-----
Armour         | 1 |  1.1
Fighting       | |  2.9
Maces & Flails | |  1.7
Dodging        | |  1.5
Stealth        | |  5.4

Action                   || total
-------------------------++-------
Melee: Mace              ||    22
       Tailslap          ||     2
  Use: Potion            ||     1
       Scroll            ||     1
Armor: Leather armour    ||     7
Dodge: Dodged            ||     6

Table legend: (Time is in decaauts)
 A = Elapsed time spent in this place.
 B = Non-inter-level travel time spent in this place.
 C = Inter-level travel time spent in this place.
 D = Time resting spent in this place.
 E = Time spent auto-exploring this place.
 F = Levels seen in this place.
 G = Mean time per level.
                   A        B        C        D        E       F      G
               +--------+--------+--------+--------+--------+-----+--------+
         Total |     86 |     86 |      0 |      0 |     23 |   1 |   86.0 |
       Dungeon |     86 |     86 |      0 |      0 |     23 |   1 |   86.0 |
               +--------+--------+--------+--------+--------+-----+--------+

Top non-repeatable levels by time:
     D:5: 86 daAuts
